 Dungeon Crawl Stone Soup version 0.26.1-11-gd32895ea62 (webtiles) character file.

Game seed: 6730416100795675393

1489 Descartes the Covert (level 8, -5/37 HPs)
             Began as a Felid Wanderer on May 1, 2021.
             Slain by Blork the orc
             ... wielding a +0 scimitar
              (8 damage)
             ... on level 6 of the Dungeon.
             The game lasted 00:14:06 (8415 turns).

Descartes the Covert (Felid Wanderer)               Turns: 8415, Time: 00:14:06

Health: -5/37      AC:  6    Str:  9    XL:     8   Next: 51%
Magic:  9/9        EV: 24    Int: 15    God:
Gold:   327        SH:  0    Dex: 15    Spells: 7/7 levels left
                                        Lives:  0   Deaths: 2

rFire    . . .     SeeInvis +     - Unarmed
rCold    . . .     Faith    .   (shield unavailable)
rNeg     . . .     Spirit   .   (armour unavailable)
rPois    .         Reflect  .   (helmet unavailable)
rElec    .         Harm     .   (cloak unavailable)
rCorr    .         Rampage  .   (gloves unavailable)
Will     +....                  (boots unavailable)
Stlth    +++++.....             k - amulet of the acrobat
HPRegen  0.12/turn              o - +4 ring of protection
MPRegen  0.11/turn              (no ring)

@: quick
A: very small, no armour, no weapons or thrown items, stealth, claws 1, fangs 3,
see invisible, speed 1, shaggy fur 2, sharp paws
a: no special abilities


You were on level 6 of the Dungeon.
You visited 2 branches of the dungeon, and saw 7 of its levels.
You also visited: Ossuary.

You collected 327 gold pieces.

Inventory:

Missiles
 h - 254 stones
 r - 81 arrows
Jewellery
 k - an amulet of the acrobat (around neck)
 o - a +4 ring of protection (left paw)
Wands
 b - a wand of flame (28)
 v - a wand of random effects (11)
 w - a wand of iceblast (7)
 x - a wand of paralysis (5)
Scrolls
 c - 2 scrolls of enchant weapon {unknown}
 e - 4 scrolls of teleportation
 f - 6 scrolls of remove curse
 g - a scroll of immolation
 i - 3 scrolls of fear
 j - a scroll of enchant armour {unknown}
 m - 6 scrolls of amnesia
 n - 2 scrolls of random uselessness {unknown}
 y - a scroll of holy word {unknown}
 A - 3 scrolls of blinking {unknown}
 C - a scroll of identify
Potions
 a - a potion of haste
 d - 4 potions of lignification
 l - 2 potions of magic
 p - 6 potions of attraction
 q - 2 potions of invisibility
 s - 3 potions of ambrosia
 t - 2 potions of heal wounds
 u - a potion of cancellation
 z - 3 potions of curing
 B - 2 potions of might {unknown}


   Skills:
 - Level 5.0 Fighting
 + Level 8.8 Dodging
 + Level 9.4 Stealth
 + Level 7.5 Unarmed Combat
 - Level 1.1 Evocations


You had 7 spell levels left.
You didn't know any spells.
Your spell library contained the following spells:

 Spells                   Type           Power        Failure   Level
 Beastly Appendage        Tmut           0%           26%         1
 Wereblood                Tmut           0%           38%         2
 Spider Form              Tmut/Pois      0%           63%         3
 Ice Form                 Ice/Tmut       0%           95%         4
 Blade Hands              Tmut           0%           100%        5


Dungeon Overview and Level Annotations

Branches:
Dungeon (6/15)             Temple (1/1) D:6         Ossuary (visited)

Altars:
Ashenzari
Cheibriados
Dithmenos
Fedhas
Gozag
Hepliaklqana
Kikubaaqudgha
Makhleb
Nemelex Xobeh
Okawaru
Ru
Sif Muna
Trog
Vehumet
Wu Jian
Yredelemnul
Zin
The Shining One

Annotations:
D:6 2 transporters, Blork the orc, Menkaure


Innate Abilities, Weirdness & Mutations

You cannot wear armour.
You are incapable of wielding weapons or throwing items.
Your paws allow you to move quietly. (Stealth)
You have sharp claws.
You have razor-sharp teeth.
You have supernaturally acute eyesight. (SInv)
You cover ground quickly.
You are covered in thick fur. (AC +2)
Your sharp claws are effective at attacking unaware monsters.


Message History

Blork the orc drinks a potion.
Blork the orc flickers and vanishes for a moment.
You scratch Blork the orc.
Blork the orc is moderately wounded.
You scratch Blork the orc.
Blork the orc is moderately wounded.
Blork the orc completely misses you.
You scratch Blork the orc. You claw Blork the orc.
Blork the orc is heavily wounded.
Blork the orc hits you with a +0 scimitar!
* * * LOW HITPOINT WARNING * * *
You claw Blork the orc!
Blork the orc is almost dead.
Blork the orc completely misses you.
You closely miss Blork the orc.
Blork the orc is almost dead.
You barely miss Blork the orc.
Blork the orc is almost dead.
Blork the orc hits you with a +0 scimitar!
You die...

#.#..#.......#.#
#.#....#####.#
##......##### #
............#.#
##....#.P.P..#
#....#..>...#
#.###..P.P..# #.#
#......##
#@###.#..#..#
#.###o..##...g....
#......###.........
######## #.#..###..
#....#)#o.
#...!###. #.#...o.


You could see Blork the orc (invisible).

Vanquished Creatures
  Pikel (D:4)
  A centaur (D:5)
  A lemure (D:5)
  An elf zombie (D:5)
  A gnoll sergeant (D:6)
  3 elf skeletons (D:5)
  A scorpion (D:4)
  5 water moccasin zombies (Ossuary)
  A centaur zombie (D:6)
  A human zombie (D:5)
  Crazy Yiuf (D:3)
  2 hounds (D:5)
  4 orc priests
  An orc wizard (D:4)
  A human skeleton (D:5)
  Jessica (D:3)
  3 worker ants
  4 big kobold zombies (Ossuary)
  2 mummies (Ossuary)
  A howler monkey skeleton (D:5)
  A gnoll (D:3)
  7 adders
  A white imp (D:3)
  An ufetubus (D:5)
  3 adder zombies (Ossuary)
  3 worms
  2 dart slugs
  4 leopard geckos
  5 orcs
  6 giant cockroaches
  2 gnoll zombies (Ossuary)
  9 goblins
  6 hobgoblins
  4 jackals (D:4)
  2 quokkas
  4 ball pythons
  13 bats
  6 frilled lizards
  A giant cockroach zombie (D:5)
  5 hobgoblin zombies (Ossuary)
  A jackal skeleton (D:4)
  9 kobolds
  2 kobold zombies (Ossuary)
  A leopard gecko skeleton (D:6)
  6 orc zombies (Ossuary)
  10 rats
150 creatures vanquished.

Vanquished Creatures (others)
  A water moccasin zombie (Ossuary)
  2 fungi (D:3)
3 creatures vanquished.

Grand Total: 153 creatures vanquished

Notes
Turn   | Place    | Note
-------+----------+-------------------------------------------
     0 | D:1      | Descartes the Felid Wanderer began the quest for the Orb.
     0 | D:1      | Descartes set off with the following items: a potion of
                  | haste, a potion of heal wounds, a potion of curing, a
                  | potion of lignification
     0 | D:1      | Reached XP level 1. HP: 12/12 MP: 2/2
    76 | D:1      | Reached skill level 1 in Dodging
    84 | D:1      | Reached skill level 2 in Stealth
    85 | D:1      | Reached XP level 2. HP: 10/16 MP: 3/3
  1546 | D:2      | Reached XP level 3. HP: 9/19 MP: 4/4
  1943 | D:2      | Reached skill level 3 in Stealth
  2525 | D:2      | Found a blossoming altar of Fedhas.
  2801 | D:2      | Reached XP level 4. HP: 23/23 MP: 5/5
  3140 | D:3      | Noticed Jessica
  3151 | D:3      | HP: 1/23 [Jessica/puff of flame (2)]
  3159 | D:3      | Killed Jessica
  3160 | D:3      | Reached skill level 4 in Stealth
  3183 | D:3      | Noticed a gnoll sergeant
  3824 | D:3      | Reached XP level 5. HP: 26/26 MP: 6/6
  4400 | D:2      | HP: 1/26 [poisoned by an orc]
  5004 | D:3      | Found a faded altar of an unknown god.
  5116 | D:3      | Found a runed translucent door.
  5117 | D:3      | Noticed Crazy Yiuf
  5124 | D:3      | Killed Crazy Yiuf
  5125 | D:3      | Reached skill level 5 in Stealth
  5171 | D:4      | Gained mutation: You are covered in thick fur. (AC +2)
                  | [Felid growth]
  5171 | D:4      | Reached XP level 6. HP: 30/30 MP: 7/7
  5368 | D:4      | Reached skill level 5 in Dodging
  5368 | D:4      | Reached skill level 5 in Unarmed Combat
  5612 | D:4      | Killed from afar by an orc priest
  5613 | D:4      | Reached XP level 5. HP: -2/26 MP: 6/6
  5662 | D:4      | Reached XP level 6. HP: 16/30 MP: 7/7
  6001 | D:5      | Entered Level 5 of the Dungeon
  6076 | D:5      | Found a sand-covered staircase.
  6089 | Ossuary  | Entered an ossuary
  6149 | Ossuary  | Reached skill level 6 in Stealth
  6289 | Ossuary  | Reached XP level 7. HP: 14/33 MP: 8/8
  6304 | Ossuary  | Slain by a water moccasin zombie
  6305 | Ossuary  | Reached XP level 6. HP: 0/30 MP: 7/7
  6344 | Ossuary  | Reached skill level 7 in Stealth
  6668 | Ossuary  | Reached XP level 7. HP: 21/33 MP: 8/8
  7187 | D:5      | Reached skill level 8 in Stealth
  7467 | D:5      | Noticed Pikel
  7575 | D:4      | Killed Pikel
  7576 | D:4      | Reached skill level 9 in Stealth
  7576 | D:4      | Reached XP level 8. HP: 36/37 MP: 9/9
  7893 | D:6      | Found a basalt altar of Yredelemnul.
  7893 | D:6      | Found an ancient bone altar of Kikubaaqudgha.
  7893 | D:6      | Noticed Menkaure
  7910 | D:6      | Found a transporter.
  7954 | D:6      | Found a transporter.
  7979 | D:6      | Found a glowing golden altar of the Shining One.
  7982 | D:6      | Found an iron altar of Okawaru.
  8050 | D:6      | Found a staircase to the Ecumenical Temple.
  8059 | Temple   | Entered the Ecumenical Temple
  8390 | D:6      | Noticed Blork the orc
  8415 | D:6      | Slain by Blork the orc

Illustrated notes

Levels and vault maps discovered:
D:1:      dpeg_arrival_rooms_b, layout_basic
D:2:      layout_loops_cross, fedhas_altar_4
D:3:      layout_basic, chequers_ecumenical_altar_island, minmay_surrounded,
          uniq_jessica, uniq_crazy_yiuf_cottage
D:4:      layout_loops_ring, minmay_bisected
D:5:      layout_rooms, nicolae_ossuary_entry_catacombs, uniq_pikel
D:6:      minmay_angry_zag, layout_loops_ring, gammafunk_temple_of_torment,
          nicolae_overflow_hidden_temple, minmay_temple_entry_trees,
          sword_in_stone
Temple:   oiseaux_autumnal_temple

Skill      XL: |  1  2  3  4  5  6  7 |
---------------+----------------------+-----
Dodging        | 1 2 3 4 6 8 |  8.8
Stealth        | 2 3 4 5 7 9 |  9.4
Unarmed Combat | 4 6 7 |  7.5
Fighting       | |  5.0
Evocations     | |  1.1

Action                   |  1- 3 |  4- 6 |  7- 9 || total
-------------------------+-------+-------+-------++-------
Melee: Unarmed           |   129 |   349 |   161 ||   639
       Bite              |     5 |    20 |    18 ||    43
       Punch             |     1 |    10 |     4 ||    15
  Use: Scroll            |     6 |     6 |     1 ||    13
       Potion            |       |     2 |       ||     2
 Stab: Sleeping          |     7 |    20 |     5 ||    32
Armor: Skin              |     8 |    46 |    15 ||    69
Dodge: Dodged            |   104 |   296 |   129 ||   529
